AoeStats
← MoatOfGoats

Arabia

507379429Analyzed
2v2 RM · 29d ago on Sep 18, 2026· 47m 23s· 4 players
Game mode
Random Map
Map size
Medium (4 player)
Population
200
Speed
Normal
Resources
Standard
Victory
Conquest
Starting age
Dark Age
Ending age
Imperial Age
RankedLock teamsTeams togetherTeam positionsShared explorationLock speedFull tech treeHidden civsTurbo modeCheats
Victory
Defeat
🇨🇱 Slavs · Chile
1165
+17
🇨🇱 Maya · Chile
1165
+17
vs
🇺🇸 Magyars · United States
1192
-17
🇺🇸 Vietnamese · United States
1176
-17
Smitty
0:26 Loom
8:59 Feudal Age
9:54 Double-Bit Axe
13:40 Fletching
21:00 Castle Age
20:24 Gold Mining
21:32 Wheelbarrow
21:01 Crossbowman
21:39 Bodkin Arrow
23:20 Padded Archer Armor
24:46 Pikeman
26:13 Ballistics
26:35 Leather Archer Armor
27:57 Bow Saw
28:04 Hand Cart
29:08 Scale Mail Armor
30:06 Thumb Ring
35:48 Squires
39:33 Imperial Age
37:01 Town Watch
38:57 Eagle Warrior
39:22 Arson
39:54 Chain Mail Armor
39:49 Forging
40:48 Conscription
40:57 Stone Mining
40:46 Halberdier
41:59 Elite Eagle Warrior
44:09 Plate Mail Armor
45:19 Horse Collar
46:44 Iron Casting
48:05 Holcans
tojoka
6:56 Loom
10:02 Feudal Age
11:08 Double-Bit Axe
17:32 Scale Barding Armor
28:13 Castle Age
28:05 Bloodlines
28:07 Forging
27:53 Gold Mining
29:28 Chain Barding Armor
29:05 Horse Collar
29:59 Bow Saw
40:19 Wheelbarrow
39:51 Husbandry
41:56 Pikeman
43:48 Hand Cart
44:17 Squires
46:01 Detinets
49:15 Imperial Age
46:48 Light Cavalry
47:27 Fletching
48:12 Iron Casting
PillsburyHomeboy
7:04 Loom
7:08 Loom
9:32 Feudal Age
10:17 Double-Bit Axe
14:13 Fletching
30:02 Castle Age
28:56 Padded Archer Armor
31:00 Bodkin Arrow
30:26 Crossbowman
31:48 Thumb Ring
31:59 Leather Archer Armor
31:10 Elite Skirmisher
32:23 Ballistics
45:03 Imperial Age
43:46 Wheelbarrow
44:02 Bow Saw
43:33 Horse Collar
45:56 Hand Cart
47:05 Elite Fire Lancer
MoatOfGoats
6:31 Loom
9:42 Feudal Age
15:54 Double-Bit Axe
22:44 Castle Age
20:39 Horse Collar
22:24 Scale Barding Armor
22:32 Bloodlines
23:50 Chain Barding Armor
27:24 Wheelbarrow
31:01 Hand Cart
30:53 Husbandry
39:41 Bow Saw
41:04 Light Cavalry
42:25 Hand Cart
42:08 Light Cavalry
45:54 Fletching
Connection lost

Rejoining the realm…

Still unreachable

The connection could not be restored.

Session expired

The server has moved on; the page needs a fresh start.